Demolitions vs Knights
Created - January 21, 2018 at 21:57
Goals
|
| Demolitions |
3 |
1 |
2 |
0 |
1 |
7 |
| Knights |
1 |
3 |
2 |
0 |
0 |
6 |
|
Shots
|
| Demolitions |
13 |
15 |
17 |
0 |
3 |
45 |
| Knights |
7 |
12 |
16 |
0 |
3 |
35 |
|
1st period
1. Knights , Scott Wilson 6 (Jaccob Slavin 7, Linden Vey 8) at 6:28
2. Demolitions , Erik Condra 15 (Bobby Butler 12) at 6:45
3. Demolitions , Nicolas Blanchard 9 (Ryan Bayda 27, Ian Cole 17) at 16:07
4. Demolitions , Andrew Campbell 3 (Ian Cole 18, Bobby Butler 13) at 16:34 (PP)
Penalties :
Jacob Trouba (Lon) for Tripping (Minor) at 0:59, Jacob Trouba (Lon) for Hooking (Minor) at 16:14
2nd period
5. Demolitions , Corban Knight 7 (Bobby Butler 14, Andrew Campbell 7) at 3:00
6. Knights , James Wright 8 (Josh Bailey 19, Jared Spurgeon 12) at 3:10
7. Knights , Linden Vey 13 (Justin Falk 16, Jared Spurgeon 13) at 5:32
8. Knights , Cody Bass 15 (Josh Bailey 20) at 6:44 (PP)
Penalties :
A.J. Jenks (Lon) for Tripping (Minor) at 0:13, Jimmy Hayes (Lon) for Hooking (Minor) at 3:23, Mike Sauer (Vic) for Tripping (Minor) at 6:37, Linden Vey (Lon) for Interference (Minor) at 18:48
3rd period
9. Demolitions , Nicolas Blanchard 10 (Ryan Russell 7, Ian Cole 19) at 2:26
10. Knights , James Wright 9 (Josh Bailey 21, Justin Falk 17) at 4:03
11. Demolitions , Bobby Butler 17 (Erik Condra 18, Ian Cole 20) at 4:27
12. Knights , Zach Trotman 3 (Jacob Trouba 11, Justin Falk 18) at 12:24
Penalties :
Erik Condra (Vic) for Holding (Minor) at 7:11, Michael Raffl (Lon) for Tripping (Minor) at 14:38
Overtime #1
No Goal
Penalties :
No Penalty
Shootout
Penalty Shot by Bobby Butler for Demolitions - Goal!
Penalty Shot by Jimmy Hayes for Knights - Shot Misses the Net
Penalty Shot by Mikko Lehtonen for Demolitions - Stopped by Magnus Hellberg
Penalty Shot by James Wright for Knights - Shot Misses the Net
Penalty Shot by Cameron Schilling for Demolitions - Shot Misses the Net
Penalty Shot by Cody Bass for Knights - Stopped by Olivier Roy
Penalties :
No Penalty
Goalie Stats
Olivier Roy (Vic), 29 saves from 35 shots - (0.829), W, 4-10-2, 65:00 minutes
Ben Scrivens (Lon), 10 saves from 14 shots - (0.714), 23:00 minutes
Magnus Hellberg (Lon), 29 saves from 31 shots - (0.935), OTL, 4-2-1, 42:00 minutes
Players Stats for Demolitions
Player Name G A P +/- PIM S H SB GA TA FO MP PP MP PK MP
------------------------------------------------------------------------------------
Alex Hutchings 0 0 0 0 0 0 0 0 0 0 0/0 2:26 0:00 0:39
Andrew Campbell 1 1 2 -1 0 3 0 3 0 0 2/10 16:51 5:44 0:00
Billy Sweat 0 0 0 0 0 0 0 0 0 0 0/0 5:59 0:00 0:00
Bobby Butler 1 3 4 1 0 7 2 2 1 1 1/3 28:54 5:39 1:21
Cameron Schilling 0 0 0 1 0 7 0 1 0 1 0/0 33:58 7:11 1:21
Corban Knight 1 0 1 1 0 4 1 1 0 0 28/48 22:58 0:00 1:12
Dan Bertram 0 0 0 0 0 1 2 0 0 0 0/0 6:24 0:07 0:00
Erik Condra 1 1 2 1 2 6 3 0 1 0 2/3 27:09 5:39 0:00
Frazer Mclaren 0 0 0 -2 0 1 1 0 0 0 0/0 8:52 0:00 0:00
Ian Cole 0 4 4 1 0 3 2 1 5 2 0/0 33:58 7:11 1:21
Jack Skille 0 0 0 1 0 4 0 1 1 0 0/0 16:38 4:20 0:00
Josh Beaulieu 0 0 0 0 0 0 0 0 0 0 0/0 2:56 0:41 0:26
Mike Sauer 0 0 0 0 2 0 3 3 2 1 0/0 19:54 3:04 0:45
Mikko Lehtonen 0 0 0 -2 0 1 2 0 0 0 0/0 8:52 0:00 0:00
Nicolas Blanchard 2 0 2 1 0 3 0 0 0 0 5/8 16:38 4:20 0:00
Robert Bortuzzo 0 0 0 -1 0 2 0 0 0 0 0/0 11:07 0:00 0:00
Ryan Bayda 0 1 1 1 0 0 0 0 0 0 0/0 7:53 2:38 0:00
Ryan Olsen 0 0 0 0 0 0 0 0 0 0 1/2 7:15 0:00 0:34
Ryan Russell 0 1 1 0 0 3 0 0 0 0 0/0 10:23 1:37 0:00
Seth Helgeson 0 0 0 0 0 0 2 1 0 0 0/0 19:55 3:04 0:45
Thomas DiPauli 0 0 0 0 0 0 0 0 0 0 0/0 0:00 0:00 0:00
Vince Rocco 0 0 0 -2 0 0 1 0 0 0 1/2 8:52 0:00 0:00
Players Stats for Knights
Player Name G A P +/- PIM S H SB GA TA FO MP PP MP PK MP
------------------------------------------------------------------------------------
A.J. Jenks 0 0 0 -1 2 1 3 1 0 0 0/2 15:52 1:36 0:04
Brendan Gaunce 0 0 0 -1 0 1 0 0 0 0 0/3 6:50 0:00 0:00
Cody Bass 1 0 1 -1 0 1 0 0 0 0 15/29 21:59 0:30 5:35
Jaccob Slavin 0 1 1 0 0 0 1 1 0 0 0/0 12:57 2:02 0:03
Jacob Trouba 0 1 1 0 4 2 2 0 0 2 0/0 22:46 2:02 3:07
James Wright 2 0 2 1 0 4 2 1 1 1 16/31 22:13 1:36 2:44
Jared Spurgeon 0 2 2 0 0 1 4 5 1 0 0/0 31:23 0:04 6:10
Jimmy Hayes 0 0 0 -1 2 3 2 0 1 1 0/1 16:57 1:36 1:57
Josh Bailey 0 3 3 1 0 4 2 0 0 2 3/4 17:31 0:30 0:00
Justin Falk 0 3 3 0 0 2 3 2 0 0 0/0 29:38 0:04 6:13
Linden Vey 1 1 2 1 2 3 2 0 1 0 0/0 10:20 0:00 0:00
Matt Puempel 0 0 0 -1 0 0 3 0 0 0 0/0 11:07 0:00 2:41
Michael Matheson 0 0 0 0 0 1 2 1 0 2 0/0 12:47 0:00 0:55
Michael Raffl 0 0 0 1 2 4 4 1 0 0 0/0 23:52 0:30 4:27
Noel Acciari 0 0 0 1 0 1 0 0 1 0 2/5 13:59 0:00 1:56
Scott Wilson 1 0 1 1 0 3 0 1 0 1 0/1 12:12 0:00 1:06
Tom Wilson 0 0 0 -1 0 0 1 1 0 0 0/0 6:41 0:00 0:00
Zach Trotman 1 0 1 0 0 4 1 1 0 1 0/0 20:35 0:00 4:02
3 Stars
1 - Bobby Butler (Vic)
2 - Ian Cole (Vic)
3 - James Wright (Lon)
Power Play
Demolitions - 1 on 6 Attempt(s) - 16.67%
Knights - 1 on 2 Attempt(s) - 50.00%
Penalty Kill
Demolitions - 1 on 2 Attempt(s) - 50.00%
- Score 0 goal in Penalty Kill
Knights - 5 on 6 Attempt(s) - 83.33%
- Score 0 goal in Penalty Kill
Team Stat
Demolitions - Hits : 19 - Faceoff Wins : 40 - Blocked Shots : 13 - Penalty Minutes : 4
Knights - Hits : 32 - Faceoff Wins : 36 - Blocked Shots : 15 - Penalty Minutes : 12
Official
Referees : Sutherland Kelly and O'Halloran Dan
Linesman : Jonny Murray and Steve Miller
Game Notes
16:34 of 1st period - Demolitions goal is going for a video replay. After video review, Goal.
Magnus Hellberg enters game at 3:00 of 2nd period
Ryan Bayda is injured at 9:32 of 2nd period (Sprained Left Knee)
Finance
Level 1 -- Attendance: 1570 (78.50%) -- Ticket Income $47,100
Level 2 -- Attendance: 767 (76.70%) -- Ticket Income $11,505
Total Attendance: 2337 (77.90%)
Total Ticket Income: $58,605
Other Income: $2,930
Total Income: $61,535
Demolitions
5 vs 5 Forward
Center Left Wing Right Wing Time % Phy DF OF
1 Corban Knight Bobby Butler Erik Condra 62 0 0 5
2 Nicolas Blanchard Ryan Bayda Jack Skille 24 1 2 2
3 Vince Rocco Frazer Mclaren Mikko Lehtonen 10 1 2 2
4 Ryan Olsen Billy Sweat Dan Bertram 4 1 2 2
5 vs 5 Defense
Defense Defense Time % Phy DF OF
1 Cameron Schilling Ian Cole 55 0 0 5
2 Seth Helgeson Mike Sauer 21 0 3 2
3 Andrew Campbell Robert Bortuzzo 14 0 3 2
4 Ian Cole Cameron Schilling 10 0 2 3
PowerPlay Forward
Center Left Wing Right Wing Time % Phy DF OF
1 Andrew Campbell Bobby Butler Erik Condra 70 0 0 5
2 Nicolas Blanchard Ryan Bayda Jack Skille 30 0 0 5
PowerPlay Defense
Defense Defense Time % Phy DF OF
1 Cameron Schilling Ian Cole 80 0 0 5
2 Seth Helgeson Mike Sauer 20 0 0 5
Penalty Kill 4 Players Forward
Center Wing Time % Phy DF OF
1 Corban Knight Bobby Butler 60 1 2 2
2 Ryan Bayda Erik Condra 40 1 2 2
Penalty Kill 4 Players Defense
Defense Defense Time % Phy DF OF
1 Cameron Schilling Ian Cole 60 1 2 2
2 Seth Helgeson Mike Sauer 40 1 2 2
Penalty Kill - 3 Players Forward
Forward Time % Phy DF OF
1 Bobby Butler 60 1 2 2
2 Ryan Bayda 40 1 2 2
Penalty Kill - 3 Players Defense
Defense Defense Time % Phy DF OF
1 Cameron Schilling Ian Cole 60 1 2 2
2 Seth Helgeson Mike Sauer 40 1 2 2
4 vs 4 Forward
Center Wing Time % Phy DF OF
1 Corban Knight Bobby Butler 60 1 2 2
2 Ryan Bayda Erik Condra 40 1 2 2
4 vs 4 Defense
Defense Defense Time % Phy DF OF
1 Cameron Schilling Ian Cole 60 1 2 2
2 Seth Helgeson Mike Sauer 40 1 2 2
Last Minutes Offensive
Center Left Wing Right Wing Defense Defense
Corban Knight Bobby Butler Erik Condra Cameron Schilling Ian Cole
Last Minutes Defensive
Center Left Wing Right Wing Defense Defense
Corban Knight Bobby Butler Erik Condra Cameron Schilling Ian Cole
Goaltenders
Starting : Olivier Roy
Backup : Joe Cannata
Extra Forwards
Normal : Ryan Russell, Josh Beaulieu, Alex Hutchings - PP : Ryan Russell, Josh Beaulieu - PK : Alex Hutchings
Extra Defensemen
Normal : Andrew Campbell, Robert Bortuzzo, Cameron Schilling - PP : Andrew Campbell - PK : Robert Bortuzzo, Cameron Schilling
Penalty Shots
Bobby Butler, Mikko Lehtonen, Ryan Bayda, Erik Condra, Jack Skille
Scratches
Taylor Aronson (Healthy), Taylor Leier (Healthy), Mitchell Moroz (Healthy), Brandon McMillan (Healthy), Nick Pryor (Healthy)
Jake Paterson (Healthy), Jussi Rynnas (Healthy)
Knights
5 vs 5 Forward
Center Left Wing Right Wing Time % Phy DF OF
1 James Wright Michael Raffl Josh Bailey 37 1 2 2
2 Cody Bass A.J. Jenks Jimmy Hayes 33 1 2 2
3 Noel Acciari Scott Wilson Linden Vey 20 1 1 3
4 Brendan Gaunce Matt Puempel Tom Wilson 10 1 2 2
5 vs 5 Defense
Defense Defense Time % Phy DF OF
1 Jared Spurgeon Justin Falk 40 1 2 2
2 Zach Trotman Jacob Trouba 30 1 2 2
3 Jaccob Slavin Michael Matheson 20 1 2 2
4 Jared Spurgeon Jacob Trouba 10 1 2 2
PowerPlay Forward
Center Left Wing Right Wing Time % Phy DF OF
1 Cody Bass Michael Raffl Josh Bailey 60 1 0 4
2 James Wright A.J. Jenks Jimmy Hayes 40 1 0 4
PowerPlay Defense
Defense Defense Time % Phy DF OF
1 Justin Falk Jared Spurgeon 60 1 2 2
2 Jacob Trouba Jaccob Slavin 40 1 2 2
Penalty Kill 4 Players Forward
Center Wing Time % Phy DF OF
1 Cody Bass Michael Raffl 60 1 3 1
2 James Wright Jimmy Hayes 40 1 3 1
Penalty Kill 4 Players Defense
Defense Defense Time % Phy DF OF
1 Jared Spurgeon Justin Falk 60 1 4 0
2 Jacob Trouba Zach Trotman 40 1 4 0
Penalty Kill - 3 Players Forward
Forward Time % Phy DF OF
1 James Wright 60 0 4 1
2 Cody Bass 40 0 4 1
Penalty Kill - 3 Players Defense
Defense Defense Time % Phy DF OF
1 Jared Spurgeon Justin Falk 60 1 4 0
2 Jacob Trouba Zach Trotman 40 1 4 0
4 vs 4 Forward
Center Wing Time % Phy DF OF
1 James Wright Michael Raffl 60 1 2 2
2 Cody Bass Josh Bailey 40 1 2 2
4 vs 4 Defense
Defense Defense Time % Phy DF OF
1 Justin Falk Jared Spurgeon 60 1 2 2
2 Zach Trotman Jacob Trouba 40 1 2 2
Last Minutes Offensive
Center Left Wing Right Wing Defense Defense
James Wright Michael Raffl Josh Bailey Jared Spurgeon Justin Falk
Last Minutes Defensive
Center Left Wing Right Wing Defense Defense
Cody Bass Michael Raffl Jimmy Hayes Jared Spurgeon Justin Falk
Goaltenders
Starting : Ben Scrivens
Backup : Magnus Hellberg
Extra Forwards
Normal : Cody Bass, Michael Raffl, James Wright - PP : Michael Raffl, James Wright - PK : Michael Raffl
Extra Defensemen
Normal : Justin Falk, Jacob Trouba, Jared Spurgeon - PP : Jacob Trouba - PK : Jacob Trouba, Justin Falk
Penalty Shots
Jimmy Hayes, James Wright, Cody Bass, Michael Raffl, Josh Bailey
Scratches
Alan Quine (Healthy), Jordan Weal (Healthy), Collin Miller (Healthy), David Shields (Healthy), Matthew Benning (Healthy)
Matt Grzelcyk (Healthy), Brett Connolly (Healthy), Travis Boyd (Healthy), Jordan Martinook (Suspend), Scott Jackson (Healthy)
Nikita Nikitin (Healthy), Connor Knapp (Healthy)
% Time on Ice - Demolitions
Lines # - Real PCT - Wanted PCT - Time Play
Normal Forward
1 - 42% - 62% - 20:13
2 - 26% - 24% - 12:35
3 - 19% - 10% - 8:52
4 - 13% - 4% - 5:59
Normal Defense
1 - 49% - 55% - 23:15
2 - 30% - 21% - 14:12
3 - 21% - 14% - 10:12
4 - 0% - 10% - 0:00
PP Forward
1 - 58% - 70% - 5:55
2 - 42% - 30% - 4:20
PP Defense
1 - 70% - 80% - 7:11
2 - 30% - 20% - 3:04
PK Forward
1 - 69% - 60% - 1:27
2 - 31% - 40% - 0:39
PK Defense
1 - 64% - 60% - 1:21
2 - 36% - 40% - 0:45
PK3 Forward
1 - 0% - 60%
2 - 0% - 40%
PK3 Defense
1 - 0% - 60%
2 - 0% - 40%
44 Forward
1 - 71% - 60% - 3:32
2 - 29% - 40% - 1:28
44 Defense
1 - 66% - 60% - 3:17
2 - 34% - 40% - 1:43
Last Minute Offensive - 0:00
Last Minute Defensive - 0:00
Total
Forward - 65:00
Defense - 65:00
|
% Time on Ice - Knights
Lines # - Real PCT - Wanted PCT - Time Play
Normal Forward
1 - 36% - 37% - 17:18
2 - 28% - 33% - 13:25
3 - 22% - 20% - 10:15
4 - 14% - 10% - 6:41
Normal Defense
1 - 43% - 40% - 20:42
2 - 31% - 30% - 14:57
3 - 20% - 20% - 9:42
4 - 5% - 10% - 2:18
PP Forward
1 - 24% - 60% - 0:30
2 - 76% - 40% - 1:36
PP Defense
1 - 3% - 60% - 0:04
2 - 97% - 40% - 2:02
PK Forward
1 - 73% - 60% - 7:31
2 - 27% - 40% - 2:44
PK Defense
1 - 60% - 60% - 6:10
2 - 40% - 40% - 4:05
PK3 Forward
1 - 0% - 60%
2 - 0% - 40%
PK3 Defense
1 - 0% - 60%
2 - 0% - 40%
44 Forward
1 - 85% - 60% - 4:15
2 - 15% - 40% - 0:45
44 Defense
1 - 46% - 60% - 2:18
2 - 54% - 40% - 2:42
Last Minute Offensive - 0:00
Last Minute Defensive - 0:00
Total
Forward - 65:00
Defense - 65:00
|
Play by Play
1st period
0:01 of 1st period - Corban Knight wins face-off versus James Wright in neutral zone.
0:06 of 1st period - Slapshot by Corban Knight.
0:06 of 1st period - Deflect By Bobby Butler.
0:06 of 1st period - Stopped by Ben Scrivens without a rebound.
0:07 of 1st period - James Wright wins face-off versus Corban Knight in Knights zone.
0:16 of 1st period - Slapshot by James Wright.
0:16 of 1st period - Shot Misses the Net.
0:46 of 1st period - Snap shot by Erik Condra.
0:46 of 1st period - Stopped by Ben Scrivens without a rebound.
0:47 of 1st period - Nicolas Blanchard wins face-off versus A.J. Jenks in Knights zone.
0:59 of 1st period - Minor Penalty to Jacob Trouba for Tripping.
1:00 of 1st period - Cody Bass wins face-off versus Andrew Campbell in Knights zone.
2:49 of 1st period - Nicolas Blanchard is hit by Justin Falk and loses puck.
2:59 of 1st period - Penalty to Jacob Trouba is over, Jacob Trouba is back on ice.
3:31 of 1st period - Mike Sauer is hit by Tom Wilson and loses puck.
4:03 of 1st period - Michael Matheson is hit by Dan Bertram and loses puck.
4:38 of 1st period - Cameron Schilling is hit by Jimmy Hayes.
4:58 of 1st period - Dan Bertram is hit by James Wright and loses puck.
5:11 of 1st period - Zach Trotman is hit by Ian Cole and loses puck.
5:50 of 1st period - Andrew Campbell is hit by Jacob Trouba.
6:04 of 1st period - Jared Spurgeon is hit by Frazer Mclaren and loses puck.
6:11 of 1st period - Robert Bortuzzo is hit by Michael Matheson and loses puck.
6:24 of 1st period - Snap shot by Linden Vey.
6:24 of 1st period - Shot Hit the Post.
6:26 of 1st period - Slapshot by Jaccob Slavin.
6:26 of 1st period - Shot Blocked by Andrew Campbell.
6:28 of 1st period - Snap shot by Scott Wilson.
6:28 of 1st period - Goal by Scott Wilson - Demolitions : 0 - Knights : 1.
6:29 of 1st period - Corban Knight wins face-off versus Cody Bass in neutral zone.
6:34 of 1st period - Justin Falk is hit by Bobby Butler.
6:45 of 1st period - Snap shot by Erik Condra.
6:45 of 1st period - Goal by Erik Condra - Demolitions : 1 - Knights : 1.
6:46 of 1st period - Cody Bass wins face-off versus Corban Knight in neutral zone.
6:49 of 1st period - Slapshot by Jared Spurgeon.
6:49 of 1st period - Deflect By Cody Bass.
6:49 of 1st period - Shot Misses the Net.
6:49 of 1st period - Puck is out of play.
6:50 of 1st period - Corban Knight wins face-off versus Cody Bass in Demolitions zone.
7:06 of 1st period - Slapshot by Justin Falk.
7:06 of 1st period - Shot Misses the Net.
7:36 of 1st period - Wrist shot by Michael Raffl.
7:36 of 1st period - Shot Blocked by Mike Sauer.
8:10 of 1st period - Snap shot by Cody Bass.
8:10 of 1st period - Shot Misses the Net.
9:02 of 1st period - Vince Rocco is hit by Michael Matheson and loses puck.
9:21 of 1st period - Robert Bortuzzo is hit by Jacob Trouba and loses puck.
10:07 of 1st period - Slapshot by Brendan Gaunce.
10:07 of 1st period - Deflect By Matt Puempel.
10:07 of 1st period - Shot Misses the Net.
10:07 of 1st period - Puck is out of play.
10:08 of 1st period - James Wright wins face-off versus Corban Knight in Demolitions zone.
10:09 of 1st period - Snap shot by Michael Raffl.
10:09 of 1st period - Stopped by Olivier Roy with a rebound.
10:19 of 1st period - Wrist shot by Erik Condra.
10:19 of 1st period - Shot Blocked by Jared Spurgeon.
10:21 of 1st period - Backhand shot by Erik Condra.
10:21 of 1st period - Stopped by Ben Scrivens without a rebound.
10:22 of 1st period - Corban Knight wins face-off versus Cody Bass in Knights zone.
10:25 of 1st period - Snap shot by Erik Condra.
10:25 of 1st period - Stopped by Ben Scrivens with a rebound.
10:29 of 1st period - Snap shot by Corban Knight.
10:29 of 1st period - Stopped by Ben Scrivens with a rebound.
10:31 of 1st period - Slapshot by Ian Cole.
10:31 of 1st period - Shot Blocked by Justin Falk.
10:33 of 1st period - Slapshot by Ian Cole.
10:33 of 1st period - Deflect By Cody Bass.
10:33 of 1st period - Stopped by Ben Scrivens with a rebound.
10:47 of 1st period - Ryan Bayda is hit by Jared Spurgeon and loses puck.
11:12 of 1st period - Jaccob Slavin is hit by Mike Sauer and loses puck.
11:42 of 1st period - Wrist shot by Cody Bass.
11:42 of 1st period - Deflect By Jimmy Hayes.
11:42 of 1st period - Shot Blocked by Cameron Schilling.
11:42 of 1st period - Puck is out of play.
11:43 of 1st period - Cody Bass wins face-off versus Ryan Olsen in Demolitions zone.
12:04 of 1st period - Dan Bertram is hit by A.J. Jenks and loses puck.
12:39 of 1st period - Snap shot by Billy Sweat.
12:39 of 1st period - Shot Blocked by Jared Spurgeon.
12:41 of 1st period - Slapshot by Ian Cole.
12:41 of 1st period - Deflect By Dan Bertram.
12:41 of 1st period - Shot Blocked by A.J. Jenks.
12:41 of 1st period - Puck is out of play.
12:42 of 1st period - James Wright wins face-off versus Corban Knight in Knights zone.
12:46 of 1st period - Off-side.
12:47 of 1st period - James Wright wins face-off versus Corban Knight in neutral zone.
12:58 of 1st period - Snap shot by James Wright.
12:58 of 1st period - Shot Misses the Net.
13:22 of 1st period - Snap shot by Scott Wilson.
13:22 of 1st period - Stopped by Olivier Roy with a rebound.
13:44 of 1st period - Snap shot by Nicolas Blanchard.
13:44 of 1st period - Shot Misses the Net.
13:46 of 1st period - Wrist shot by Nicolas Blanchard.
13:46 of 1st period - Stopped by Ben Scrivens without a rebound.
13:47 of 1st period - James Wright wins face-off versus Corban Knight in Knights zone.
13:52 of 1st period - Ian Cole is hit by Josh Bailey and loses puck.
14:57 of 1st period - Slapshot by Tom Wilson.
14:57 of 1st period - Shot Blocked by Bobby Butler.
15:03 of 1st period - Michael Matheson is hit by Erik Condra and loses puck.
15:52 of 1st period - Ian Cole is hit by Matt Puempel and loses puck.
16:07 of 1st period - Slapshot by Nicolas Blanchard.
16:07 of 1st period - Goal by Nicolas Blanchard - Demolitions : 2 - Knights : 1.
16:08 of 1st period - Corban Knight wins face-off versus James Wright in neutral zone.
16:14 of 1st period - Minor Penalty to Jacob Trouba for Hooking.
16:15 of 1st period - Cody Bass wins face-off versus Andrew Campbell in Knights zone.
16:26 of 1st period - Snap shot by Erik Condra.
16:26 of 1st period - Shot Misses the Net.
16:28 of 1st period - Slapshot by Ian Cole.
16:28 of 1st period - Deflect By Bobby Butler.
16:28 of 1st period - Shot Misses the Net.
16:28 of 1st period - Puck is out of play.
16:29 of 1st period - Andrew Campbell wins face-off versus Cody Bass in Knights zone.
16:30 of 1st period - Wrist shot by Bobby Butler.
16:30 of 1st period - Shot Misses the Net.
16:32 of 1st period - Snap shot by Ian Cole.
16:32 of 1st period - Shot Blocked by Justin Falk.
16:34 of 1st period - Slapshot by Andrew Campbell.
16:34 of 1st period - Demolitions goal is going for a video replay.
16:34 of 1st period - The goal is good.
16:34 of 1st period - Goal by Andrew Campbell - Demolitions : 3 - Knights : 1.
16:35 of 1st period - Josh Bailey wins face-off versus Corban Knight in neutral zone.
16:43 of 1st period - Off-side.
16:44 of 1st period - Corban Knight wins face-off versus James Wright in neutral zone.
16:49 of 1st period - Snap shot by Josh Bailey.
16:49 of 1st period - Deflect By James Wright.
16:49 of 1st period - Shot Misses the Net.
16:49 of 1st period - Puck is out of play.
16:50 of 1st period - James Wright wins face-off versus Erik Condra in Demolitions zone.
16:51 of 1st period - Slapshot by Michael Raffl.
16:51 of 1st period - Stopped by Olivier Roy without a rebound.
16:52 of 1st period - Corban Knight wins face-off versus James Wright in Demolitions zone.
16:52 of 1st period - Corban Knight is hit by James Wright.
17:02 of 1st period - Slapshot by Ian Cole.
17:02 of 1st period - Shot Blocked by Jared Spurgeon.
17:20 of 1st period - Backhand shot by Mikko Lehtonen.
17:20 of 1st period - Stopped by Ben Scrivens with a rebound.
17:22 of 1st period - Slapshot by Frazer Mclaren.
17:22 of 1st period - Shot Misses the Net.
17:24 of 1st period - Snap shot by Vince Rocco.
17:24 of 1st period - Shot Hit the Post.
17:26 of 1st period - Slapshot by Ian Cole.
17:26 of 1st period - Stopped by Ben Scrivens with a rebound.
17:28 of 1st period - Slapshot by Cameron Schilling.
17:28 of 1st period - Stopped by Ben Scrivens with a rebound.
17:30 of 1st period - Slapshot by Cameron Schilling.
17:30 of 1st period - Shot Blocked by James Wright.
17:44 of 1st period - Slapshot by Cody Bass.
17:44 of 1st period - Shot Blocked by Andrew Campbell.
18:27 of 1st period - Zach Trotman is hit by Seth Helgeson.
18:46 of 1st period - Michael Matheson is hit by Mike Sauer and loses puck.
19:01 of 1st period - Snap shot by Jimmy Hayes.
19:01 of 1st period - Stopped by Olivier Roy with a rebound.
19:03 of 1st period - Slapshot by Michael Matheson.
19:03 of 1st period - Stopped by Olivier Roy without a rebound.
19:04 of 1st period - Josh Bailey wins face-off versus Corban Knight in Demolitions zone.
19:11 of 1st period - Slapshot by James Wright.
19:11 of 1st period - Stopped by Olivier Roy without a rebound.
19:12 of 1st period - Corban Knight wins face-off versus James Wright in Demolitions zone.
Goals for this period are 3 for Demolitions vs 1 for Knights.
Shots for this period are 13 for Demolitions vs 7 for Knights.
2nd period
0:01 of 2nd period - Cody Bass wins face-off versus Corban Knight in neutral zone.
0:13 of 2nd period - Minor Penalty to A.J. Jenks for Tripping.
0:14 of 2nd period - Cody Bass wins face-off versus Andrew Campbell in Knights zone.
0:39 of 2nd period - Ian Cole is hit by Jared Spurgeon.
1:32 of 2nd period - Andrew Campbell is hit by Matt Puempel and loses puck.
2:13 of 2nd period - Penalty to A.J. Jenks is over, A.J. Jenks is back on ice.
2:18 of 2nd period - Off-side.
2:19 of 2nd period - Noel Acciari wins face-off versus Vince Rocco in neutral zone.
2:44 of 2nd period - Wrist shot by Josh Bailey.
2:44 of 2nd period - Shot Blocked by Mike Sauer.
2:46 of 2nd period - Snap shot by James Wright.
2:46 of 2nd period - Stopped by Olivier Roy with a rebound.
2:48 of 2nd period - Slapshot by Jacob Trouba.
2:48 of 2nd period - Deflect By James Wright.
2:48 of 2nd period - Shot Blocked by Mike Sauer.
2:48 of 2nd period - Puck is out of play.
2:49 of 2nd period - Cody Bass wins face-off versus Corban Knight in Demolitions zone.
2:50 of 2nd period - Slapshot by Jimmy Hayes.
2:50 of 2nd period - Stopped by Olivier Roy with a rebound.
2:58 of 2nd period - Snap shot by Bobby Butler.
2:58 of 2nd period - Shot Misses the Net.
3:00 of 2nd period - Snap shot by Corban Knight.
3:00 of 2nd period - Goal by Corban Knight - Demolitions : 4 - Knights : 1.
3:00 of 2nd period - Magnus Hellberg enters game.
3:01 of 2nd period - James Wright wins face-off versus Bobby Butler in neutral zone.
3:10 of 2nd period - Snap shot by James Wright.
3:10 of 2nd period - Goal by James Wright - Demolitions : 4 - Knights : 2.
3:11 of 2nd period - Corban Knight wins face-off versus Cody Bass in neutral zone.
3:14 of 2nd period - Slapshot by Cameron Schilling.
3:14 of 2nd period - Deflect By Jimmy Hayes.
3:14 of 2nd period - Stopped by Magnus Hellberg without a rebound.
3:15 of 2nd period - Erik Condra wins face-off versus Cody Bass in Knights zone.
3:23 of 2nd period - Minor Penalty to Jimmy Hayes for Hooking.
3:24 of 2nd period - Cody Bass wins face-off versus Andrew Campbell in Knights zone.
3:40 of 2nd period - Slapshot by Erik Condra.
3:40 of 2nd period - Shot Misses the Net.
3:50 of 2nd period - Cameron Schilling is hit by Justin Falk and loses puck.
5:23 of 2nd period - Penalty to Jimmy Hayes is over, Jimmy Hayes is back on ice.
5:32 of 2nd period - Slapshot by Linden Vey.
5:32 of 2nd period - Goal by Linden Vey - Demolitions : 4 - Knights : 3.
5:33 of 2nd period - Corban Knight wins face-off versus James Wright in neutral zone.
5:40 of 2nd period - Snap shot by Bobby Butler.
5:40 of 2nd period - Shot Blocked by Michael Raffl.
6:37 of 2nd period - Minor Penalty to Mike Sauer for Tripping.
6:38 of 2nd period - Josh Bailey wins face-off versus Corban Knight in Demolitions zone.
6:44 of 2nd period - Snap shot by Cody Bass.
6:44 of 2nd period - Goal by Cody Bass - Demolitions : 4 - Knights : 4.
6:45 of 2nd period - James Wright wins face-off versus Corban Knight in neutral zone.
6:48 of 2nd period - Slapshot by Justin Falk.
6:48 of 2nd period - Stopped by Olivier Roy without a rebound.
6:49 of 2nd period - Erik Condra wins face-off versus James Wright in Demolitions zone.
6:49 of 2nd period - Erik Condra is hit by Michael Raffl.
7:37 of 2nd period - Icing by Ian Cole.
7:38 of 2nd period - Vince Rocco wins face-off versus Brendan Gaunce in Demolitions zone.
8:05 of 2nd period - Slapshot by Zach Trotman.
8:05 of 2nd period - Shot Blocked by Corban Knight.
8:07 of 2nd period - Wrist shot by James Wright.
8:07 of 2nd period - Shot Misses the Net.
8:09 of 2nd period - Backhand shot by Michael Raffl.
8:09 of 2nd period - Shot Misses the Net.
8:42 of 2nd period - Cody Bass is hit by Bobby Butler and loses puck.
8:57 of 2nd period - Jimmy Hayes is hit by Dan Bertram and loses puck.
9:05 of 2nd period - Off-side.
9:06 of 2nd period - Corban Knight wins face-off versus Josh Bailey in neutral zone.
9:15 of 2nd period - Snap shot by Bobby Butler.
9:15 of 2nd period - Stopped by Magnus Hellberg with a rebound.
9:17 of 2nd period - Snap shot by Bobby Butler.
9:17 of 2nd period - Stopped by Magnus Hellberg with a rebound.
9:19 of 2nd period - Slapshot by Mike Sauer.
9:19 of 2nd period - Shot Misses the Net.
9:31 of 2nd period - Ryan Bayda is hit by Jaccob Slavin and loses puck.
9:32 of 2nd period - Ryan Bayda from Demolitions is injured at 9:32 of 2nd period (Sprained Left Knee).
9:33 of 2nd period - Corban Knight wins face-off versus James Wright in Demolitions zone.
9:58 of 2nd period - Josh Bailey is hit by Ian Cole and loses puck.
10:15 of 2nd period - Slapshot by Jared Spurgeon.
10:15 of 2nd period - Shot Misses the Net.
10:27 of 2nd period - James Wright is hit by Vince Rocco and loses puck.
11:24 of 2nd period - Snap shot by Jack Skille.
11:24 of 2nd period - Stopped by Magnus Hellberg with a rebound.
11:26 of 2nd period - Snap shot by Jack Skille.
11:26 of 2nd period - Stopped by Magnus Hellberg with a rebound.
11:28 of 2nd period - Slapshot by Cameron Schilling.
11:28 of 2nd period - Stopped by Magnus Hellberg with a rebound.
11:30 of 2nd period - Slapshot by Cameron Schilling.
11:30 of 2nd period - Stopped by Magnus Hellberg without a rebound.
11:31 of 2nd period - Corban Knight wins face-off versus Cody Bass in Knights zone.
11:36 of 2nd period - Snap shot by Erik Condra.
11:36 of 2nd period - Deflect By Jimmy Hayes.
11:36 of 2nd period - Shot Blocked by Michael Matheson.
11:36 of 2nd period - Puck is out of play.
11:37 of 2nd period - Corban Knight wins face-off versus A.J. Jenks in Knights zone.
11:46 of 2nd period - Snap shot by Erik Condra.
11:46 of 2nd period - Stopped by Magnus Hellberg with a rebound.
11:48 of 2nd period - Slapshot by Bobby Butler.
11:48 of 2nd period - Stopped by Magnus Hellberg with a rebound.
12:25 of 2nd period - Wrist shot by Josh Bailey.
12:25 of 2nd period - Stopped by Olivier Roy with a rebound.
12:27 of 2nd period - Wrist shot by James Wright.
12:27 of 2nd period - Deflect By Josh Bailey.
12:27 of 2nd period - Stopped by Olivier Roy without a rebound.
12:28 of 2nd period - Corban Knight wins face-off versus James Wright in Demolitions zone.
12:47 of 2nd period - Snap shot by Josh Bailey.
12:47 of 2nd period - Stopped by Olivier Roy with a rebound.
12:49 of 2nd period - Snap shot by Josh Bailey.
12:49 of 2nd period - Stopped by Olivier Roy with a rebound.
12:51 of 2nd period - Slapshot by Jared Spurgeon.
12:51 of 2nd period - Stopped by Olivier Roy with a rebound.
12:53 of 2nd period - Slapshot by Zach Trotman.
12:53 of 2nd period - Stopped by Olivier Roy without a rebound.
12:54 of 2nd period - Nicolas Blanchard wins face-off versus Cody Bass in Demolitions zone.
13:07 of 2nd period - Snap shot by Jack Skille.
13:07 of 2nd period - Stopped by Magnus Hellberg without a rebound.
13:08 of 2nd period - Corban Knight wins face-off versus James Wright in Knights zone.
14:29 of 2nd period - Slapshot by Cameron Schilling.
14:29 of 2nd period - Shot Blocked by Tom Wilson.
15:01 of 2nd period - Wrist shot by Ryan Russell.
15:01 of 2nd period - Stopped by Magnus Hellberg without a rebound.
15:02 of 2nd period - Cody Bass wins face-off versus Nicolas Blanchard in Knights zone.
15:08 of 2nd period - Off-side.
15:09 of 2nd period - Corban Knight wins face-off versus James Wright in neutral zone.
15:38 of 2nd period - Snap shot by Jimmy Hayes.
15:38 of 2nd period - Shot Blocked by Jack Skille.
15:56 of 2nd period - Scott Wilson is hit by Mikko Lehtonen and loses puck.
17:07 of 2nd period - Ian Cole is hit by A.J. Jenks and loses puck.
17:18 of 2nd period - Wrist shot by Noel Acciari.
17:18 of 2nd period - Deflect By Erik Condra.
17:18 of 2nd period - Shot Misses the Net.
17:18 of 2nd period - Puck is out of play.
17:19 of 2nd period - Corban Knight wins face-off versus Scott Wilson in Demolitions zone.
17:53 of 2nd period - Wrist shot by Mikko Lehtonen.
17:53 of 2nd period - Shot Misses the Net.
17:55 of 2nd period - Slapshot by Mike Sauer.
17:55 of 2nd period - Shot Misses the Net.
17:57 of 2nd period - Wrist shot by Frazer Mclaren.
17:57 of 2nd period - Shot Blocked by Jaccob Slavin.
18:09 of 2nd period - Slapshot by Jack Skille.
18:09 of 2nd period - Stopped by Magnus Hellberg with a rebound.
18:11 of 2nd period - Slapshot by Jack Skille.
18:11 of 2nd period - Shot Misses the Net.
18:13 of 2nd period - Slapshot by Robert Bortuzzo.
18:13 of 2nd period - Stopped by Magnus Hellberg with a rebound.
18:15 of 2nd period - Slapshot by Ryan Russell.
18:15 of 2nd period - Stopped by Magnus Hellberg with a rebound.
18:17 of 2nd period - Slapshot by Andrew Campbell.
18:17 of 2nd period - Shot Misses the Net.
18:48 of 2nd period - Minor Penalty to Linden Vey for Interference.
18:49 of 2nd period - Cody Bass wins face-off versus Andrew Campbell in Knights zone.
Goals for this period are 1 for Demolitions vs 3 for Knights.
Shots for this period are 15 for Demolitions vs 12 for Knights.
3rd period
0:01 of 3rd period - Andrew Campbell wins face-off versus Cody Bass in neutral zone.
0:06 of 3rd period - Slapshot by Cameron Schilling.
0:06 of 3rd period - Stopped by Magnus Hellberg without a rebound.
0:07 of 3rd period - Cody Bass wins face-off versus Andrew Campbell in Knights zone.
0:32 of 3rd period - Wrist shot by Erik Condra.
0:32 of 3rd period - Stopped by Magnus Hellberg without a rebound.
0:33 of 3rd period - Nicolas Blanchard wins face-off versus James Wright in Knights zone.
0:48 of 3rd period - Penalty to Linden Vey is over, Linden Vey is back on ice.
1:27 of 3rd period - Backhand shot by Linden Vey.
1:27 of 3rd period - Stopped by Olivier Roy without a rebound.
1:28 of 3rd period - James Wright wins face-off versus Corban Knight in Demolitions zone.
1:31 of 3rd period - Snap shot by Josh Bailey.
1:31 of 3rd period - Deflect By Michael Raffl.
1:31 of 3rd period - Shot Misses the Net.
1:31 of 3rd period - Puck is out of play.
1:32 of 3rd period - Corban Knight wins face-off versus James Wright in Demolitions zone.
1:37 of 3rd period - Slapshot by Cameron Schilling.
1:37 of 3rd period - Shot Misses the Net.
1:43 of 3rd period - Snap shot by Bobby Butler.
1:43 of 3rd period - Shot Blocked by Jared Spurgeon.
2:24 of 3rd period - Wrist shot by Ryan Russell.
2:24 of 3rd period - Stopped by Magnus Hellberg with a rebound.
2:26 of 3rd period - Wrist shot by Nicolas Blanchard.
2:26 of 3rd period - Goal by Nicolas Blanchard - Demolitions : 5 - Knights : 4.
2:27 of 3rd period - James Wright wins face-off versus Corban Knight in neutral zone.
2:30 of 3rd period - Snap shot by Justin Falk.
2:30 of 3rd period - Shot Blocked by Seth Helgeson.
3:31 of 3rd period - Michael Matheson is hit by Corban Knight and loses puck.
3:38 of 3rd period - Snap shot by Corban Knight.
3:38 of 3rd period - Stopped by Magnus Hellberg without a rebound.
3:39 of 3rd period - James Wright wins face-off versus Corban Knight in Knights zone.
3:48 of 3rd period - Off-side.
3:49 of 3rd period - James Wright wins face-off versus Corban Knight in neutral zone.
4:03 of 3rd period - Wrist shot by James Wright.
4:03 of 3rd period - Goal by James Wright - Demolitions : 5 - Knights : 5.
4:04 of 3rd period - James Wright wins face-off versus Bobby Butler in neutral zone.
4:12 of 3rd period - Off-side.
4:13 of 3rd period - Bobby Butler wins face-off versus James Wright in neutral zone.
4:27 of 3rd period - Wrist shot by Bobby Butler.
4:27 of 3rd period - Goal by Bobby Butler - Demolitions : 6 - Knights : 5.
4:28 of 3rd period - Corban Knight wins face-off versus Cody Bass in neutral zone.
4:31 of 3rd period - Snap shot by Corban Knight.
4:31 of 3rd period - Shot Misses the Net.
4:53 of 3rd period - Ian Cole is hit by Jared Spurgeon and loses puck.
5:20 of 3rd period - Linden Vey is hit by Seth Helgeson and loses puck.
6:33 of 3rd period - Slapshot by Ian Cole.
6:33 of 3rd period - Stopped by Magnus Hellberg with a rebound.
6:39 of 3rd period - Corban Knight is hit by Linden Vey and loses puck.
7:02 of 3rd period - Wrist shot by Jimmy Hayes.
7:02 of 3rd period - Stopped by Olivier Roy without a rebound.
7:03 of 3rd period - James Wright wins face-off versus Nicolas Blanchard in Demolitions zone.
7:04 of 3rd period - Wrist shot by Michael Raffl.
7:04 of 3rd period - Stopped by Olivier Roy with a rebound.
7:06 of 3rd period - Slapshot by Zach Trotman.
7:06 of 3rd period - Stopped by Olivier Roy without a rebound.
7:07 of 3rd period - Cody Bass wins face-off versus Corban Knight in Demolitions zone.
7:11 of 3rd period - Minor Penalty to Erik Condra for Holding.
7:12 of 3rd period - Corban Knight wins face-off versus Cody Bass in Demolitions zone.
7:12 of 3rd period - Corban Knight is hit by Michael Raffl.
7:40 of 3rd period - Off-side.
7:41 of 3rd period - Corban Knight wins face-off versus Jimmy Hayes in neutral zone.
8:37 of 3rd period - Ian Cole is hit by Jimmy Hayes and loses puck.
9:06 of 3rd period - Wrist shot by Jimmy Hayes.
9:06 of 3rd period - Deflect By A.J. Jenks.
9:06 of 3rd period - Shot Misses the Net.
9:06 of 3rd period - Puck is out of play.
9:07 of 3rd period - Ryan Olsen wins face-off versus Cody Bass in Demolitions zone.
9:07 of 3rd period - Ryan Olsen is hit by Josh Bailey.
9:11 of 3rd period - Penalty to Erik Condra is over, Erik Condra is back on ice.
9:45 of 3rd period - Wrist shot by Frazer Mclaren.
9:45 of 3rd period - Stopped by Magnus Hellberg without a rebound.
9:46 of 3rd period - Noel Acciari wins face-off versus Corban Knight in Knights zone.
9:51 of 3rd period - Slapshot by Noel Acciari.
9:51 of 3rd period - Shot Misses the Net.
9:53 of 3rd period - Snap shot by Zach Trotman.
9:53 of 3rd period - Stopped by Olivier Roy with a rebound.
9:55 of 3rd period - Wrist shot by Noel Acciari.
9:55 of 3rd period - Stopped by Olivier Roy without a rebound.
9:56 of 3rd period - Corban Knight wins face-off versus Noel Acciari in Demolitions zone.
9:56 of 3rd period - Corban Knight is hit by Zach Trotman.
10:02 of 3rd period - Wrist shot by Bobby Butler.
10:02 of 3rd period - Shot Misses the Net.
10:08 of 3rd period - Seth Helgeson is hit by Linden Vey and loses puck.
10:51 of 3rd period - Wrist shot by Scott Wilson.
10:51 of 3rd period - Stopped by Olivier Roy with a rebound.
10:55 of 3rd period - Snap shot by Linden Vey.
10:55 of 3rd period - Shot Misses the Net.
11:01 of 3rd period - Wrist shot by Linden Vey.
11:01 of 3rd period - Stopped by Olivier Roy without a rebound.
11:02 of 3rd period - Cody Bass wins face-off versus Nicolas Blanchard in Demolitions zone.
11:24 of 3rd period - Icing by Ian Cole.
11:25 of 3rd period - Nicolas Blanchard wins face-off versus James Wright in Demolitions zone.
12:20 of 3rd period - Slapshot by Justin Falk.
12:20 of 3rd period - Shot Blocked by Andrew Campbell.
12:22 of 3rd period - Slapshot by Jacob Trouba.
12:22 of 3rd period - Stopped by Olivier Roy with a rebound.
12:24 of 3rd period - Slapshot by Zach Trotman.
12:24 of 3rd period - Goal by Zach Trotman - Demolitions : 6 - Knights : 6.
12:25 of 3rd period - Corban Knight wins face-off versus Cody Bass in neutral zone.
12:30 of 3rd period - Wrist shot by Bobby Butler.
12:30 of 3rd period - Stopped by Magnus Hellberg with a rebound.
12:32 of 3rd period - Snap shot by Corban Knight.
12:32 of 3rd period - Shot Blocked by Zach Trotman.
12:34 of 3rd period - Slapshot by Cameron Schilling.
12:34 of 3rd period - Deflect By Jimmy Hayes.
12:34 of 3rd period - Stopped by Magnus Hellberg with a rebound.
12:36 of 3rd period - Slapshot by Cameron Schilling.
12:36 of 3rd period - Stopped by Magnus Hellberg with a rebound.
12:38 of 3rd period - Snap shot by Corban Knight.
12:38 of 3rd period - Stopped by Magnus Hellberg without a rebound.
12:39 of 3rd period - James Wright wins face-off versus Corban Knight in Knights zone.
12:50 of 3rd period - Snap shot by Josh Bailey.
12:50 of 3rd period - Shot Blocked by Bobby Butler.
12:52 of 3rd period - Slapshot by Jacob Trouba.
12:52 of 3rd period - Stopped by Olivier Roy with a rebound.
12:54 of 3rd period - Slapshot by Zach Trotman.
12:54 of 3rd period - Shot Blocked by Ian Cole.
13:04 of 3rd period - Jack Skille is hit by A.J. Jenks and loses puck.
13:37 of 3rd period - Scott Wilson is hit by Mikko Lehtonen and loses puck.
13:50 of 3rd period - Snap shot by Brendan Gaunce.
13:50 of 3rd period - Stopped by Olivier Roy without a rebound.
13:51 of 3rd period - Corban Knight wins face-off versus Brendan Gaunce in Demolitions zone.
13:57 of 3rd period - Off-side.
13:58 of 3rd period - Corban Knight wins face-off versus Cody Bass in neutral zone.
14:03 of 3rd period - Slapshot by Erik Condra.
14:03 of 3rd period - Shot Misses the Net.
14:23 of 3rd period - Ian Cole is hit by Justin Falk.
14:38 of 3rd period - Minor Penalty to Michael Raffl for Tripping.
14:39 of 3rd period - Cody Bass wins face-off versus Andrew Campbell in Knights zone.
14:39 of 3rd period - Cody Bass is hit by Erik Condra.
14:49 of 3rd period - Slapshot by Andrew Campbell.
14:49 of 3rd period - Stopped by Magnus Hellberg with a rebound.
14:51 of 3rd period - Snap shot by Erik Condra.
14:51 of 3rd period - Deflect By Bobby Butler.
14:51 of 3rd period - Stopped by Magnus Hellberg without a rebound.
14:52 of 3rd period - Cody Bass wins face-off versus Andrew Campbell in Knights zone.
15:07 of 3rd period - Snap shot by Erik Condra.
15:07 of 3rd period - Shot Misses the Net.
16:38 of 3rd period - Penalty to Michael Raffl is over, Michael Raffl is back on ice.
17:00 of 3rd period - Backhand shot by A.J. Jenks.
17:00 of 3rd period - Shot Misses the Net.
17:22 of 3rd period - Backhand shot by Cody Bass.
17:22 of 3rd period - Deflect By A.J. Jenks.
17:22 of 3rd period - Stopped by Olivier Roy with a rebound.
17:30 of 3rd period - Wrist shot by Michael Raffl.
17:30 of 3rd period - Stopped by Olivier Roy without a rebound.
17:31 of 3rd period - Nicolas Blanchard wins face-off versus Brendan Gaunce in Demolitions zone.
17:40 of 3rd period - Backhand shot by Jared Spurgeon.
17:40 of 3rd period - Shot Misses the Net.
17:42 of 3rd period - Slapshot by Justin Falk.
17:42 of 3rd period - Stopped by Olivier Roy without a rebound.
17:43 of 3rd period - Corban Knight wins face-off versus Noel Acciari in Demolitions zone.
17:43 of 3rd period - Corban Knight is hit by Jared Spurgeon.
18:53 of 3rd period - Snap shot by Dan Bertram.
18:53 of 3rd period - Stopped by Magnus Hellberg with a rebound.
18:55 of 3rd period - Snap shot by Dan Bertram.
18:55 of 3rd period - Shot Blocked by Jared Spurgeon.
18:57 of 3rd period - Snap shot by Robert Bortuzzo.
18:57 of 3rd period - Stopped by Magnus Hellberg with a rebound.
18:59 of 3rd period - Slapshot by Andrew Campbell.
18:59 of 3rd period - Stopped by Magnus Hellberg without a rebound.
19:00 of 3rd period - Corban Knight wins face-off versus Noel Acciari in Knights zone.
19:05 of 3rd period - Snap shot by Bobby Butler.
19:05 of 3rd period - Shot Blocked by Scott Wilson.
19:33 of 3rd period - Josh Bailey is hit by Erik Condra and loses puck.
Goals for this period are 2 for Demolitions vs 2 for Knights.
Shots for this period are 17 for Demolitions vs 16 for Knights.
Overtime #1
0:01 of 1st overtime period - James Wright wins face-off versus Corban Knight in neutral zone.
0:04 of 1st overtime period - Cameron Schilling is hit by Michael Raffl and loses puck.
1:36 of 1st overtime period - Ian Cole is hit by Michael Raffl and loses puck.
3:51 of 1st overtime period - Cody Bass is hit by Mike Sauer and loses puck.
4:38 of 1st overtime period - Josh Beaulieu is hit by Matt Puempel and loses puck.
Goals for this period are 0 for Demolitions vs 0 for Knights.
Shots for this period are 0 for Demolitions vs 0 for Knights.
ShootOut
5:00 of 1st overtime period - Penalty Shot by Bobby Butler for Demolitions.
5:00 of 1st overtime period - Snap shot by Bobby Butler.
5:00 of 1st overtime period - Goal by Bobby Butler.
5:00 of 1st overtime period - Penalty Shot by Jimmy Hayes for Knights.
5:00 of 1st overtime period - Deke by Jimmy Hayes.
5:00 of 1st overtime period - Shot Misses the Net.
5:00 of 1st overtime period - Penalty Shot by Mikko Lehtonen for Demolitions.
5:00 of 1st overtime period - Wrist shot by Mikko Lehtonen.
5:00 of 1st overtime period - Stopped by Magnus Hellberg.
5:00 of 1st overtime period - Penalty Shot by James Wright for Knights.
5:00 of 1st overtime period - Snap shot by James Wright.
5:00 of 1st overtime period - Shot Misses the Net.
5:00 of 1st overtime period - Penalty Shot by Cameron Schilling for Demolitions.
5:00 of 1st overtime period - Backhand shot by Cameron Schilling.
5:00 of 1st overtime period - Shot Misses the Net.
5:00 of 1st overtime period - Penalty Shot by Cody Bass for Knights.
5:00 of 1st overtime period - Wrist shot by Cody Bass.
5:00 of 1st overtime period - Stopped by Olivier Roy.
Back to the Top